 Dungeon Crawl Stone Soup version 0.32-a0-136-gc02482bde3 (webtiles) character file.

Game seed: 17119669094225162378

61 CougarLife the Caller (level 4, -1/30 HPs)
             Began as a Merfolk Summoner on Feb 10, 2024.
             Slain by Crazy Yiuf
             ... wielding a +3 quarterstaff of chaos
              (17 damage)
             ... on level 2 of the Dungeon.
             The game lasted 00:02:24 (1879 turns).

CougarLife the Caller (Merfolk Summoner)            Turns: 1879, Time: 00:02:25

Health: -1/30      AC:  2    Str:  8    XL:     4   Next: 7%
Magic:  2/8        EV: 13    Int: 16    God:
Gold:   81         SH:  0    Dex: 14    Spells: 3/9 levels left

rFire   . . .        c - +0 dagger (venom)
rCold   . . .        (no shield)
rNeg    . . .        a - +0 robe
rPois   .            (no helmet)
rElec   .            (no cloak)
rCorr   .            (no gloves)
SInv    .            (no boots)
Will    .....        (no amulet)
Stlth   ++           (no ring)
HPRegen 0.25/turn    (no ring)
MPRegen 0.11/turn

%: no passive effects
@: unable to call your familiar
A: (nimble swimmer 2), mertail
a: no special abilities


You were on level 2 of the Dungeon.
You visited 1 branch of the dungeon, and saw 2 of its levels.

You collected 81 gold pieces.

Inventory:

Hand Weapons
 c - a +0 dagger of venom (weapon)
Armour
 a - a +0 robe (worn)
Jewellery
 e - a ring of fire
 k - a ring of wizardry
Scrolls
 h - a scroll of fog {unknown}
 j - a scroll of blinking {unknown}
 m - a scroll of enchant armour {unknown}
 n - a scroll of teleportation {unknown}
Potions
 b - a potion of magic
 d - a potion of haste {unknown}
 f - 2 potions of resistance {unknown}
 g - a potion of enlightenment {unknown}
 i - a potion of curing {unknown}
 l - a potion of mutation {unknown}


   Skills:
 - Level 3.0 Dodging
 - Level 2.4 Stealth
 + Level 3.0 Spellcasting
 + Level 4.7 Summonings


You had 3 spell levels left.
You knew the following spells:

 Your Spells              Type           Power      Damage    Failure   Level
a - Summon Small Mammal   Summ           68%        N/A       2%          1
b - Call Imp              Summ           34%        N/A       4%          2
c - Call Canine Familiar  Summ           17%        N/A       9%          3

Your spell library contained the following spells:

 Spells                   Type           Power      Damage    Failure   Level
 Magic Dart               Conj           8%         1d3       19%         1
 Blink                    Tloc           4%         N/A       28%         2
 Ensorcelled Hibernation  Hex/Ice        4%         N/A       28%         2
 Passwall                 Erth           2%         N/A       50%         3
 Sigil of Binding         Hex            2%         N/A       50%         3
 Swiftness                Air            2%         N/A       50%         3
 Summon Blazeheart Golem  Fire/Summ      9%         N/A       56%         4
 Summon Lightning Spire   Summ/Air       9%         N/A       56%         4
 Dimensional Bullseye     Hex/Tloc       1%         N/A       88%         4


Dungeon Overview and Level Annotations

Branches:
Dungeon (2/15)

Altars:

Shops:
D:1 *   D:2 (

Annotations:
D:2 Crazy Yiuf


Innate Abilities, Weirdness & Mutations

((You are very nimble when in or above water. (Stealth+, EV+, Speed+++)))
Your lower body shifts to a powerful aquatic tail in water.


Message History

Attack!
Your inugami misses Crazy Yiuf. Crazy Yiuf closely misses your inugami.
Your inugami completely misses Crazy Yiuf.
Crazy Yiuf hits your inugami with a +3 quarterstaff of chaos.
Lightning courses through your inugami!
Your inugami dies!
Your inugami disappears in a puff of smoke!
Your magical contamination has completely faded away.
Casting: Call Canine Familiar (quite dangerous; 9% risk of failure)
Confirm with . or Enter, or press ? or * to list all spells.
A tiny devil pulls itself out of the air.
Crazy Yiuf says, "I'm not crazy!"
Your cerulean imp barely misses Crazy Yiuf.
What are your orders? t - Shout!
Orders for allies: a - Attack new target. p - Attack previous target. r - Retreat! s - Stop attacking. g - Guard the area. f - Follow me.
Anything else - Cancel.
Gang up on whom?
Press: ? - help, Dir - move target, f/p - Crazy Yiuf
Aim: Crazy Yiuf, wielding a +3 quarterstaff of chaos, wearing a +0 cloak and carrying a wand of flame (ally target) Attack!
Crazy Yiuf closely misses your cerulean imp.
Your cerulean imp hits Crazy Yiuf with a -3 spear.
Crazy Yiuf zaps a wand.
The puff of flame hits your cerulean imp.
Your cerulean imp barely misses Crazy Yiuf.
Crazy Yiuf zaps a wand.
The puff of flame hits your cerulean imp!
Your cerulean imp dies!
Your cerulean imp disappears in a puff of smoke!
Crazy Yiuf zaps a wand.
The puff of flame misses you.
You hit Crazy Yiuf.
Crazy Yiuf is poisoned.
Crazy Yiuf is moderately wounded.
Crazy Yiuf zaps a wand.
The puff of flame hits you!
You closely miss Crazy Yiuf.
Crazy Yiuf is moderately wounded.
Crazy Yiuf hits you with a +3 quarterstaff of chaos!
Ouch! That really hurt!
You die...

#.# #.# #.## ###'###### #.# #.#
##g# #...##...# #.####>#### #.##
#.###..#.# #.........# ##.#
#...'.##.# ######.##.# ##.##
#####....# ######.##.# ##...#
##†.###.## #.........# #.P..#
#.##.##.'. ..........# ##.g##
####.###'###.
#.######..####..@.###..##.##...#.
#.# #....##†.§.##.###'#####†#.
#.# #.#..##.......# #...#...#†
#.# #.#..##.....<.###.ß.#.###.
#.# #.#..##..###....#...#.'...
#.# #.#..##..###..############
#.# #.#...........##.# #. #.#
#.........#...##.###### ## #.#
#.#####...#........†..# #


You could see Crazy Yiuf (very poisoned).

Vanquished Creatures
  3 dart slugs
  5 ball pythons
  4 bats
  4 endoplasms
  A giant cockroach (D:1)
  2 goblins (D:1)
  2 hobgoblins
  2 quokkas
  4 frilled lizards
  3 kobolds
  2 rats
32 creatures vanquished.

Vanquished Creatures (collateral kills)
  An adder (D:2)
  An endoplasm (D:1)
  3 hobgoblins
  A kobold (D:1)
  A bat (D:1)
  3 goblins (D:1)
10 creatures vanquished.

Grand Total: 42 creatures vanquished

Notes
Turn   | Place    | Note
-------+----------+-------------------------------------------
     0 | D:1      | CougarLife the Merfolk Summoner began the quest for the
                  | Orb.
     0 | D:1      | Reached XP level 1. HP: 13/13 MP: 3/3
   248 | D:1      | Reached XP level 2. HP: 19/19 MP: 5/5
   622 | D:1      | Found Mofe's Assorted Antiques.
   704 | D:1      | Reached XP level 3. HP: 24/24 MP: 3/6
   735 | D:1      | Learned a level 2 spell: Call Imp
   739 | D:1      | Learned a level 3 spell: Call Canine Familiar
  1537 | D:2      | Reached XP level 4. HP: 30/30 MP: 8/8
  1590 | D:2      | Found a runed translucent door.
  1591 | D:2      | Noticed Crazy Yiuf
  1704 | D:2      | Found Axkuiwna's Weapon Emporium.
  1879 | D:2      | Slain by Crazy Yiuf

Illustrated notes

Levels and vault maps discovered:
D:1:      lightli_arrival_farm, layout_basic, serial_glass, glass_columns_a,
          glass_columns_a, serial_shops, shop, chequers_mini_garden,
          st_stairs_13
D:2:      minmay_chambers_of_ones, layout_loops_ring, serial_shops, shop,
          uniq_crazy_yiuf_cottage

Skill      XL: |  1  2  3  4 |
---------------+-------------+-----
Dodging        | 3 |  3.0
Spellcasting   | 3 |  3.0
Stealth        | |  2.4
Summonings     | |  4.7

Action                     |  1- 3 |  4- 6 || total
---------------------------+-------+-------++-------
  Melee: Dagger            |    72 |    12 ||    84
         Unarmed           |     6 |       ||     6
         Punch             |     3 |       ||     3
   Cast: Summon Small Mamm |    22 |       ||    22
         Call Canine Famil |     2 |     1 ||     3
         Call Imp          |       |     1 ||     1
   Stab: Sleeping          |     4 |     1 ||     5
         Distracted        |       |     1 ||     1
 Armour: Robe              |    33 |     4 ||    37
  Dodge: Dodged            |    49 |     3 ||    52

Table legend: (Time is in decaauts)
 A = Elapsed time spent in this place.
 B = Non-inter-level travel time spent in this place.
 C = Inter-level travel time spent in this place.
 D = Time resting spent in this place.
 E = Time spent auto-exploring this place.
 F = Levels seen in this place.
 G = Mean time per level.
                   A        B        C        D        E       F      G
               +--------+--------+--------+--------+--------+-----+--------+
         Total |   1857 |   1826 |     31 |    179 |   1309 |   2 |  928.5 |
       Dungeon |   1857 |   1826 |     31 |    179 |   1309 |   2 |  928.5 |
               +--------+--------+--------+--------+--------+-----+--------+

Top non-repeatable levels by time:
     D:2: 979 daAuts
     D:1: 877 daAuts
